← All builds
Geo / Armada / Economy first / OBSERVED BUILD

Standard geo

Armada Geo build order · Supreme Isthmus

The standard Geo build: fast geothermal into T2 constructor and advanced geothermal, blowing the commander for T2 and bringing Starlight and other T2 units to front while supplying allies with constructors and rez bots.

Usually blows up the commander for T2 (67%)

#eco #t2 #team support · 802 distinct matches · 112 players · 58% of Armada Geo games · team won 54% of 903 · Recently observed

HOW TO PLAY IT

Key timing: Geothermal Powerplant by 3:26

  1. Open mex and wind into Bot Lab.
  2. Rush geothermal for the early energy spike.
  3. Add Advanced Metal Extractor, then Advanced Geothermal by 7:07.
  4. Bring up Vehicle Plant alongside T2 con for "Starlight" and vehicles.
  5. Funnel "Starlight" and T1 vehicles to front, pay allies with cons and "Lazarus".

Phase by phase

TYPICAL OF ITS 802 GAMES
  1. 1
  2. 2
  3. 3
  4. 4
PLAY THE OPENING

Follow the example game's first 6:00 step by step: what to build now, what comes next, and where it goes. At 1× it keeps pace with your own game.

  1. 1

    Up to the Bot Lab

    Economy
    • Metal Extractor2Mex
    • Wind Turbine4Wind
    Order
    1. Bot LabBot Lab after 2 mex, 4 winddone ~1:11, middle half 0:58–1:22

    By 0:54 in all: 2 mex · 4 wind

    The example game in this phase · 3 steps
    1. Mex ×2
    2. Wind ×4
    3. Bot LabBot Labdone 0:59 · typical 1:11
  2. 2

    Bot Lab to 5:00

    Economy
    • Metal Extractor2Mex
    • Wind Turbine3Wind
    • Energy Converter8Converter
    • Energy Storage1Energy storage
    Order
    1. Geothermal PowerplantGeo after 4 mex, 5 wind, 1 energy storage
    Builders
    • Construction Turret5 Con turret
    • Lazarus4 Lazarus
    • Construction Bot2 Con bot
    • Construction Bot1 Con bot for allies
    • Lazarus1 Lazarus for allies

    By 5:00 in all: 4 mex · 7 wind · 1 geo · 8 converter · 1 energy storage · 5 con turret

    The example game in this phase · 22 steps
    1. Construction BotCon bot
    2. Wind ×2
    3. Construction BotCon bot
    4. Mex
    5. Wind
    6. LazarusLazarus
    7. Wind ×2
    8. LazarusLazarus
    9. Mex
    10. Wind
    11. LazarusLazarus
    12. Geothermal PowerplantGeodone 3:05 · typical 3:26
    13. Construction BotCon botfor Beach sea
    14. Wind ×2
    15. Construction BotCon botfor Beach sea
    16. Con turret ×2
    17. Converter ×6
    18. Con turret ×5
    19. Radar TowerRadar Tower
    20. Con turret
    21. Energy storage
    22. Converter
  3. 3

    5:00 to Vehicle Plant

    Order
    1. Advanced Geothermal PowerplantAdvanced Geothermal Powerplant after 8 wind, 10 converter, 6 con turretin 59% of games
    2. Vehicle PlantVehicle Plant after 10 wind, 10 converter, 6 con turretdone ~7:07, middle half 6:41–7:38
    Builders
    • Construction Turret1 Con turret

    Some games also: converter (49%) · wind (47%)

    By 6:59 in all: 4 mex · 10 wind · 1 geo · 1 Advanced Geothermal Powerplant · 10 converter · 1 energy storage

    The example game in this phase · 34 steps
    1. Converter
    2. Energy storage
    3. Converter ×3
    4. Wind ×2
    5. Converter
    6. Wind ×2
    7. Converter
    8. Wind
    9. Converter
    10. Wind
    11. Converter
    12. Wind ×3
    13. Converter
    14. Wind
    15. Converter
    16. Wind ×2
    17. Converter
    18. Wind ×3
    19. Converter
    20. Wind
    21. Converter
    22. Wind
    23. Converter
    24. Wind ×4
    25. Advanced Metal ExtractorT2 mexdone 6:29 · typical 5:34
    26. Wind
    27. Converter
    28. Advanced Metal ExtractorT2 mex
    29. Wind ×2
    30. Advanced Metal ExtractorT2 mex
    31. Wind ×6
    32. Advanced Metal ExtractorT2 mex
    33. Advanced Geothermal PowerplantAdvanced Geothermal Powerplantdone 7:56 · typical 7:08
    34. Vehicle PlantVehicle Plantdone 8:03 · typical 7:07
  4. 4

    Vehicle Plant to 10:00

    Economy
    • Wind Turbine6Wind
    • Energy Converter4Converter
    Order
    1. Advanced Vehicle PlantAdvanced Vehicle Plant after 11 wind, 12 converter, 7 con turret
    Builders
    • Construction Vehicle1 Con vehicle
    Army
    • Starlight2 Starlight
    • Umbra1 Jammer
    • Prophet1 Radar vehicle

    Some games also: T2 con vehicle for allies (50%) · con turret (49%) · Jaguar (32%)

    By 10:00 in all: 4 mex · 20 wind · 1 geo · 1 Advanced Geothermal Powerplant · 16 converter · 1 energy storage

    The example game in this phase · 121 steps
    1. Dragon's TeethDragon's Teeth ×10
    2. BeamerBeamer
    3. Construction VehicleCon vehicle
    4. BeamerBeamer
    5. Construction VehicleCon vehicle
    6. Advanced Vehicle PlantAdvanced Vehicle Plantdone 8:46 · typical 8:05
    7. Construction VehicleCon vehicle
    8. BeamerBeamer
    9. Advanced Construction VehicleT2 con vehiclefor Front
    10. BeamerBeamer
    11. ShredderShredderdone 9:10
    12. BeamerBeamer
    13. ShredderShredder
    14. Con turret ×2
    15. BeamerBeamer
    16. ShredderShredder
    17. Con turret
    18. ConsulConsul
    19. Advanced Construction VehicleT2 con vehicle
    20. PawnPawn ×2
    21. ShredderShredder
    22. StarlightStarlightdone 10:16 · typical 9:01
    23. PawnPawn
    24. Con turret
    25. PawnPawn
    26. StarlightStarlight
    27. PawnPawn
    28. TracerTracer
    29. Con turret ×3
    30. Wind ×4
    31. ProphetRadar vehicle
    32. Wind ×2
    33. Con turret
    34. Wind ×2
    35. StarlightStarlight
    36. Wind ×3
    37. Converter ×2
    38. Wind ×5
    39. Converter
    40. Wind ×6
    41. Converter ×2
    42. Wind
    43. StarlightStarlight
    44. Wind ×4
    45. CitadelAnti-nukedone 13:26
    46. Wind ×4
    47. Converter
    48. Wind ×3
    49. Converter
    50. Wind ×8
    51. Converter
    52. Wind
    53. Converter ×2
    54. Wind
    55. ShredderShredder
    56. Converter
    57. Wind ×8
    58. Converter
    59. Wind ×5
    60. Converter
    61. Wind
    62. Converter
    63. Wind
    64. Converter
    65. Wind ×5
    66. PawnPawn
    67. Wind ×8
    68. Converter ×3
    69. Wind
    70. StarlightStarlight
    71. Wind
    72. Converter
    73. Wind ×6
    74. PawnPawn
    75. Wind
    76. Converter
    77. Wind
    78. PawnPawn
    79. Wind ×5
    80. Converter
    81. Wind ×3
    82. Fusion ReactorFusiondone 14:57
    83. Wind
    84. Converter ×2
    85. Wind ×2
    86. Converter
    87. Wind ×4
    88. PawnPawn
    89. Wind
    90. ProphetRadar vehicle
    91. Wind ×2
    92. PawnPawn
    93. Wind ×3
    94. Converter
    95. Wind ×3
    96. Converter
    97. Wind ×3
    98. Converter
    99. Wind
    100. Converter
    101. Wind
    102. StarlightStarlight
    103. Wind ×9
    104. Converter
    105. Wind ×2
    106. Converter
    107. PawnPawn
    108. Wind ×4
    109. Converter ×2
    110. Wind
    111. PawnPawn
    112. Wind ×8
    113. Converter
    114. Wind
    115. Converter
    116. Wind
    117. PawnPawn
    118. Wind ×4
    119. Converter
    120. Wind ×2
    121. PawnPawn

Counts are medians over the build's games: half of them build more, half fewer. The example game is _X_'s (42 OS, 03/10/2026); pick another.

Team trades

IN AT LEAST 30% OF ITS GAMES

You hand over

  • Lazarus1 Lazarus to Beach seafirst at 2:16 · in 78% of games
  • Construction Bot1 Con bot to Beach seafirst at 2:29 · in 87% of games
  • Advanced Construction Vehicle1 T2 con vehicle to Suicide front or Frontfirst at 8:49 · in 63% of games

You get

  • Hercules1 Light transport from Airfirst at 4:18 · in 32% of games
  • Advanced Construction Bot1 T2 con bot from Techfirst at 4:50 · in 95% of games

How it plays out

Typical game of this build, running totals by minute

Metal produced

020k40k
0:005:0010:0015:00

metal

Enemy metal destroyed

05k10k15k
0:005:0010:0015:00

metal

Own metal lost

02.5k5k7.5k
0:005:0010:0015:00

metal

903 games.

Show as table
ByMetal produced: This buildEnemy metal destroyed: This buildOwn metal lost: This build
1:0033300
2:0082800
3:00152800
4:00270000
5:00372600
6:00568000
7:00812400
8:0011491021
9:001450151126
10:0017416556260
11:00203961983750
12:002327339401876
13:002606260193262
14:002898084264635
15:0031650104596170
WHAT THE NUMBERS SAY

Standard Geo build dominates the resource numbers, with zero own losses through 10:00 and a huge metal lead by 15:00.

  • + Metal produced hits 31426 by 15:00, highest of all six builds
  • + Own metal lost is 0 by 5:00 and only 334 by 10:00
  • − First Starlight only arrives in 57% of games by 9:19
  • − Advanced geothermal lands in just 69% of games by 7:16
THE EXAMPLE YOU ARE READING

_X_

41.5 OS · 03/10/2026

Open source match ↗

1 received units · includes a constructor
29 metal received · 161251 energy received

Allied construction assistance is unknown. Timings are observations, not a promise of solo reproducibility.

Typical milestones

Bot Lab1:11Middle 50%: 0:58–1:22 · n=902
Geothermal Powerplant3:26Middle 50%: 3:11–3:43 · n=900
Advanced Metal Extractor5:34Middle 50%: 5:19–5:57 · n=897
Vehicle Plant7:07Middle 50%: 6:41–7:38 · n=862
Advanced Geothermal Powerplant7:08Middle 50%: 6:50–7:35 · n=647
Advanced Vehicle Plant8:05Middle 50%: 7:40–8:42 · n=822
Starlight9:01Middle 50%: 8:32–9:48 · n=724

Played most by

0neTw0100games of this buildzeus_on_god96games of this buildViltrum51games of this buildXad48games of this buildDamsko44games of this build
Standard geo · Armada Geo build order · BAR Build Atlas